| TOP OF THE 1ST |
|
Renton Wrecks batting - Pitching for Kennewick Bear Cubs : LHP Faustino Fortinho
|
|
Pitching: LHP Faustino Fortinho
|
|
|
Batting: RHB Rolando Pino
|
0-0: Ball 1-0: Ball 2-0: Ball 3-0: Called Strike 3-1: Foul Ball, location: 2F 3-2: Foul Ball, location: 2F 3-2: Foul Ball, location: 2F 3-2: SOLO HOME RUN (Flyball, 7LD, EV 110.6 MPH), Distance : 362 ft
|
|
Batting: SHB Ethan Charles
|
0-0: Ball 1-0: Fly out, F9 (Flyball, 89M, EV 95.6 MPH)
|
|
Batting: RHB Luis Gomez
|
0-0: SINGLE (Groundball, P, EV 83.1 MPH) (infield hit)
|
|
Batting: RHB Stan Holmes
|
0-0: Ball 1-0: Called Strike 1-1: Ball 2-1: Called Strike 2-2: Ball 3-2: Reached on error, E1 (Groundball, 15S, EV 68.8 MPH) Luis Gomez to second
|
|
Batting: RHB Andrew Pratt
|
0-0: Called Strike 0-1: Ball 1-1: Ball 2-1: Fly out, F9 (Line Drive, 9, EV 100.0 MPH)
|
|
Batting: LHB Troy Thomas
|
0-0: Ball 1-0: Ball 2-0: Fly out, F9 (Flyball, 9D, EV 100.0 MPH)
|
| Top of the 1st over - 1 run, 2 hits, 1 error, 2 left on base; Renton 1 - Kennewick 0 |
| BOTTOM OF THE 1ST |
|
Kennewick Bear Cubs batting - Pitching for Renton Wrecks : RHP Gary Frank
|
|
Pitching: RHP Gary Frank
|
|
|
Batting: LHB Russell Morena
|
0-0: Called Strike 0-1: Called Strike 0-2: Foul Ball, location: 2F 0-2: Ground out 3-1 (Groundball, 13, EV 86.3 MPH)
|
|
Batting: SHB Eriberto Them
|
0-0: Ball 1-0: Foul Ball, location: 2F 1-1: Ground out 1-3 (Groundball, 13S, EV 71.3 MPH)
|
|
Batting: LHB Jose Birriel
|
0-0: Ball 1-0: Ground out 6-3 (Groundball, 6, EV 85.0 MPH)
|
| Bottom of the 1st over - 0 runs, 0 hits, 0 errors, 0 left on base; Renton 1 - Kennewick 0 |
| TOP OF THE 2ND |
|
Renton Wrecks batting - Pitching for Kennewick Bear Cubs : LHP Faustino Fortinho
|
|
Batting: RHB Frank Garcia
|
0-0: Ball 1-0: Ball 2-0: Ball 3-0: Base on Balls
|
|
Batting: RHB Jose Leiva
|
0-0: Ball 1-0: Ball 2-0: Swinging Strike 2-1: Swinging Strike 2-2: Fly out, F8 (Flyball, 8LD, EV 106.9 MPH)
|
|
Batting: LHB Christian Bryeans
|
0-0: Fly out, F9 (Line Drive, 9, EV 85.0 MPH)
|
|
Batting: RHB Rolando Pino
|
0-0: Ball 1-0: Ball 2-0: Ball 3-0: Base on Balls Frank Garcia to second
|
|
Batting: SHB Ethan Charles
|
0-0: Called Strike 0-1: Foul Ball, location: 2F 0-2: Ball 1-2: Ball 2-2: Ground out 4-3 (Groundball, 4, EV 99.4 MPH)
|
| Top of the 2nd over - 0 runs, 0 hits, 0 errors, 2 left on base; Renton 1 - Kennewick 0 |
| BOTTOM OF THE 2ND |
|
Kennewick Bear Cubs batting - Pitching for Renton Wrecks : RHP Gary Frank
|
|
Batting: RHB Jonathan Black
|
0-0: Ball 1-0: Ball 2-0: Ball 3-0: Ground out 5-3 (Groundball, 56, EV 106.3 MPH)
|
|
Batting: LHB Rob Nelson
|
0-0: SINGLE (Line Drive, 4D, EV 99.4 MPH)
|
|
Batting: RHB Ruben Machado
|
0-0: Ball 1-0: Called Strike 1-1: Ball 2-1: Grounds into double play, 4-6-3 (Groundball, 34, EV 85.0 MPH)
|
| Bottom of the 2nd over - 0 runs, 1 hit, 0 errors, 0 left on base; Renton 1 - Kennewick 0 |
| TOP OF THE 3RD |
|
Renton Wrecks batting - Pitching for Kennewick Bear Cubs : LHP Faustino Fortinho
|
|
Batting: RHB Luis Gomez
|
0-0: Foul Ball, location: 2F 0-1: Ball 1-1: Ball 2-1: Fly out, F8 (Line Drive, 8LM, EV 86.3 MPH)
|
|
Batting: RHB Stan Holmes
|
0-0: Foul Ball, location: 2F 0-1: Ball 1-1: Ball 2-1: Ground out 4-3 (Groundball, 4, EV 100.0 MPH)
|
|
Batting: RHB Andrew Pratt
|
0-0: Ball 1-0: Ball 2-0: Ball 3-0: Called Strike 3-1: SINGLE (Line Drive, 4M, EV 102.5 MPH)
|
|
Batting: LHB Troy Thomas
|
0-0: Foul Ball, location: 2F 0-1: Ball 1-1: Foul Ball, location: 2F 1-2: Fly out, F5 (Popup, 25F, EV 90.6 MPH)
|
| Top of the 3rd over - 0 runs, 1 hit, 0 errors, 1 left on base; Renton 1 - Kennewick 0 |
| BOTTOM OF THE 3RD |
|
Kennewick Bear Cubs batting - Pitching for Renton Wrecks : RHP Gary Frank
|
|
Batting: LHB Tony Diaz
|
0-0: Called Strike 0-1: Foul Ball, location: 2F 0-2: Ground out U3 (Groundball, 34, EV 88.1 MPH)
|
|
Batting: RHB Kenneth Whitfield
|
0-0: Ball 1-0: Ball 2-0: Called Strike 2-1: Ball 3-1: Swinging Strike 3-2: Strikes out swinging
|
|
Batting: LHB John Mizerock
|
0-0: Called Strike 0-1: Ball 1-1: Foul Ball, location: 2F 1-2: Ball 2-2: Foul Ball, location: 2F 2-2: DOUBLE (Groundball, 5L, EV 95.6 MPH)
|
|
Batting: LHB Russell Morena
|
0-0: Called Strike 0-1: Called Strike 0-2: Ground out 5-3 (Groundball, 56, EV 102.5 MPH)
|
| Bottom of the 3rd over - 0 runs, 1 hit, 0 errors, 1 left on base; Renton 1 - Kennewick 0 |
| TOP OF THE 4TH |
|
Renton Wrecks batting - Pitching for Kennewick Bear Cubs : LHP Faustino Fortinho
|
|
Batting: RHB Frank Garcia
|
0-0: Ball 1-0: Ball 2-0: SINGLE (Line Drive, 7S, EV 93.8 MPH)
|
|
Batting: RHB Jose Leiva
|
0-0: Called Strike 0-1: Ball 1-1: Ball 2-1: Foul Ball, location: 2F 2-2: Ball 3-2: Foul Ball, location: 2F 3-2: Ground out 5-3 (Groundball, 56, EV 77.5 MPH) Frank Garcia to second
|
|
Batting: LHB Christian Bryeans
|
0-0: Called Strike 0-1: Fly out, F7 (Flyball, 7LS, EV 95.0 MPH)
|
|
Batting: RHB Rolando Pino
|
0-0: Ball 1-0: Foul Ball, location: 2F 1-1: Fly out, F8 (Flyball, 8LD, EV 100.6 MPH)
|
| Top of the 4th over - 0 runs, 1 hit, 0 errors, 1 left on base; Renton 1 - Kennewick 0 |
| BOTTOM OF THE 4TH |
|
Kennewick Bear Cubs batting - Pitching for Renton Wrecks : RHP Gary Frank
|
|
Batting: SHB Eriberto Them
|
0-0: Ball 1-0: SINGLE (Line Drive, 8LS, EV 106.3 MPH)
|
|
Batting: LHB Jose Birriel
|
0-0: Called Strike 0-1: Foul Ball, location: 2F 0-2: Grounds into double play, 6-4-3 (Groundball, 56D, EV 86.3 MPH)
|
|
Batting: RHB Jonathan Black
|
0-0: Ball 1-0: Ball 2-0: Fly out, F8 (Line Drive, 8LD, EV 94.4 MPH)
|
| Bottom of the 4th over - 0 runs, 1 hit, 0 errors, 0 left on base; Renton 1 - Kennewick 0 |
| TOP OF THE 5TH |
|
Renton Wrecks batting - Pitching for Kennewick Bear Cubs : LHP Faustino Fortinho
|
|
Batting: SHB Ethan Charles
|
0-0: Called Strike 0-1: Ball 1-1: Ground out 4-3 (Groundball, 4, EV 101.3 MPH)
|
|
Batting: RHB Luis Gomez
|
0-0: Ball 1-0: Ball 2-0: DOUBLE (Groundball, 5L, EV 106.3 MPH)
|
|
Batting: RHB Stan Holmes
|
0-0: SINGLE (Flyball, 56D, EV 95.6 MPH) Luis Gomez to third
|
|
Batting: RHB Andrew Pratt
|
0-0: Called Strike 0-1: Foul Ball, location: 2F 0-2: Ball 1-2: Foul Ball, location: 2F 1-2: Ball 2-2: Fielders Choice at 2nd, 4-6 (Groundball, 34, EV 103.8 MPH) Luis Gomez scores
|
|
Batting: LHB Troy Thomas
|
0-0: Called Strike 0-1: Ball 1-1: Swinging Strike 1-2: Ball 2-2: Fly out, F8 (Flyball, 8RM, EV 96.9 MPH)
|
| Top of the 5th over - 1 run, 2 hits, 0 errors, 1 left on base; Renton 2 - Kennewick 0 |
| BOTTOM OF THE 5TH |
|
Kennewick Bear Cubs batting - Pitching for Renton Wrecks : RHP Gary Frank
|
|
Batting: LHB Rob Nelson
|
0-0: Swinging Strike 0-1: Ball 1-1: Ball 2-1: Ball 3-1: Base on Balls
|
|
Batting: RHB Ruben Machado
|
Pickoff Throw to First - Out! 1-3 0-0: Called Strike 0-1: Called Strike 0-2: Ball 1-2: Fly out, F8 (Flyball, 89M, EV 91.3 MPH)
|
|
Batting: LHB Tony Diaz
|
0-0: Called Strike 0-1: Called Strike 0-2: Ball 1-2: Foul Ball, location: 2F 1-2: Ball 2-2: Ground out 6-3 (Groundball, 56, EV 85.0 MPH)
|
| Bottom of the 5th over - 0 runs, 0 hits, 0 errors, 0 left on base; Renton 2 - Kennewick 0 |
| TOP OF THE 6TH |
|
Renton Wrecks batting - Pitching for Kennewick Bear Cubs : LHP Faustino Fortinho
|
|
Batting: RHB Frank Garcia
|
0-0: Foul Ball, location: 2F 0-1: Foul Ball, location: 2F 0-2: Ball 1-2: Strikes out swinging
|
|
Batting: RHB Jose Leiva
|
0-0: Ball 1-0: Called Strike 1-1: Ball 2-1: Ground out 6-3 (Groundball, 6M, EV 101.9 MPH)
|
|
Batting: LHB Christian Bryeans
|
0-0: Ball 1-0: Swinging Strike 1-1: Swinging Strike 1-2: Ball 2-2: Strikes out looking
|
| Top of the 6th over - 0 runs, 0 hits, 0 errors, 0 left on base; Renton 2 - Kennewick 0 |
| BOTTOM OF THE 6TH |
|
Kennewick Bear Cubs batting - Pitching for Renton Wrecks : RHP Gary Frank
|
|
Batting: RHB Kenneth Whitfield
|
0-0: Swinging Strike 0-1: Foul Ball, location: 2F 0-2: SINGLE (Groundball, 15S, EV 70.6 MPH) (infield hit)
|
|
Batting: LHB John Mizerock
|
0-0: Called Strike 0-1: Ball 1-1: Grounds into double play, 5-4-3 (Groundball, 5, EV 109.4 MPH)
|
|
Batting: LHB Russell Morena
|
0-0: Reached on error, E6 (Groundball, 6, EV 101.9 MPH)
|
|
Batting: SHB Eriberto Them
|
0-0: Foul Ball, location: 2F 0-1: Ball 1-1: SINGLE (Groundball, 4MD, EV 105.0 MPH) Russell Morena to second
|
|
Batting: LHB Jose Birriel
|
0-0: Ball 1-0: Swinging Strike 1-1: Ball 2-1: Ball 3-1: Foul Ball, location: 2F 3-2: Base on Balls Russell Morena to third Eriberto Them to second
|
|
Batting: RHB Jonathan Black
|
0-0: Fly out, F7 (Flyball, 7D, EV 100.0 MPH)
|
| Bottom of the 6th over - 0 runs, 2 hits, 1 error, 3 left on base; Renton 2 - Kennewick 0 |
| TOP OF THE 7TH |
|
Renton Wrecks batting - Pitching for Kennewick Bear Cubs : LHP Faustino Fortinho
|
|
Pitching: RHP Glenn Simmons
|
|
|
Batting: RHB Rolando Pino
|
0-0: Ball 1-0: Ball 2-0: Called Strike 2-1: Foul Ball, location: 2F 2-2: Ground out 6-3 (Groundball, 6, EV 85.0 MPH)
|
|
Batting: SHB Ethan Charles
|
0-0: Ball 1-0: Ball 2-0: Foul Ball, location: 2F 2-1: SINGLE (Line Drive, 78S, EV 90.6 MPH)
|
|
Batting: RHB Luis Gomez
|
0-0: Ball 1-0: Foul Ball, location: 2F 1-1: Foul Ball, location: 2F 1-2: Ball 2-2: Strikes out swinging
|
|
Batting: RHB Stan Holmes
|
0-0: Fly out, F8 (Flyball, 89D, EV 100.6 MPH)
|
| Top of the 7th over - 0 runs, 1 hit, 0 errors, 1 left on base; Renton 2 - Kennewick 0 |
| BOTTOM OF THE 7TH |
|
Kennewick Bear Cubs batting - Pitching for Renton Wrecks : RHP Gary Frank
|
|
Batting: LHB Rob Nelson
|
0-0: Ball 1-0: Called Strike 1-1: Ball 2-1: Ball 3-1: Base on Balls
|
|
Batting: RHB Ruben Machado
|
0-0: Foul Ball, location: 2F 0-1: Foul Ball, location: 2F 0-2: Ball 1-2: Fly out, F4 (Popup, 34D, EV 57.5 MPH)
|
|
Batting: LHB Tony Diaz
|
0-0: Foul Ball, location: 2F 0-1: Fly out, F8 (Flyball, 8LM, EV 82.5 MPH)
|
|
Batting: RHB Kenneth Whitfield
|
0-0: Foul Ball, location: 2F 0-1: Called Strike 0-2: Foul Ball, location: 2F 0-2: Ball 1-2: DOUBLE (Flyball, 89XD, EV 98.8 MPH) Rob Nelson to third Runner from 3rd tries for Home, SAFE, throw by RF to trailing runner, SAFE at third!
|
|
Batting: LHB John Mizerock
|
0-0: Fly out, F9 (Flyball, 89S, EV 93.1 MPH)
|
| Bottom of the 7th over - 1 run, 1 hit, 0 errors, 1 left on base; Renton 2 - Kennewick 1 |
| TOP OF THE 8TH |
|
Renton Wrecks batting - Pitching for Kennewick Bear Cubs : RHP Glenn Simmons
|
|
Batting: RHB Andrew Pratt
|
0-0: Called Strike 0-1: Ball 1-1: Called Strike 1-2: Foul Ball, location: 2F 1-2: Ball 2-2: DOUBLE (Flyball, 89D, EV 105.0 MPH)
|
|
Batting: LHB Troy Thomas
|
0-0: Intentional Walk
|
|
Batting: RHB Frank Garcia
|
0-0: Ball 1-0: Ball 2-0: Foul Ball, location: 2F 2-1: 3-RUN HOME RUN (Flyball, 7LD, EV 103.8 MPH), Distance : 360 ft
|
|
Pitching: RHP Calvin Schiraldi
|
|
|
Batting: RHB Jose Leiva
|
0-0: Ground out 6-3 (Groundball, 6, EV 86.3 MPH)
|
|
Batting: LHB Christian Bryeans
|
0-0: Ball 1-0: Foul Ball, location: 2F 1-1: SINGLE (Line Drive, 5D, EV 96.3 MPH)
|
|
Batting: RHB Rolando Pino
|
0-0: Foul Ball, location: 2F 0-1: Ball 1-1: Foul Ball, location: 2F 1-2: Ball 2-2: Ball 3-2: Strikes out swinging
|
|
Batting: SHB Ethan Charles
|
0-0: Ball 1-0: Called Strike 1-1: Called Strike 1-2: Ground out 4-3 (Groundball, 4, EV 83.1 MPH)
|
| Top of the 8th over - 3 runs, 3 hits, 0 errors, 1 left on base; Renton 5 - Kennewick 1 |
| BOTTOM OF THE 8TH |
|
Kennewick Bear Cubs batting - Pitching for Renton Wrecks : RHP Gary Frank
|
|
Batting: LHB Russell Morena
|
0-0: Ball 1-0: Fly out, F4 (Popup, 34D, EV 69.4 MPH)
|
|
Batting: SHB Eriberto Them
|
0-0: Ball 1-0: Ball 2-0: Ball 3-0: Base on Balls
|
|
Batting: LHB Jose Birriel
|
0-0: Ball 1-0: Foul Ball, location: 2F 1-1: Ball 2-1: Ball 3-1: Called Strike 3-2: Fly out, F8 (Line Drive, 8LM, EV 91.9 MPH)
|
|
Batting: RHB Jonathan Black
|
0-0: Ball 1-0: SINGLE (Line Drive, 89S, EV 103.1 MPH) Eriberto Them to second Runner from 2nd tries for 3rd, SAFE, no throw by RF
|
|
Batting: LHB Rob Nelson
|
0-0: Called Strike 0-1: Swinging Strike 0-2: Ball 1-2: Foul Ball, location: 2F 1-2: Ball 2-2: Ground out U3 (Groundball, 3, EV 90.0 MPH)
|
| Bottom of the 8th over - 0 runs, 1 hit, 0 errors, 2 left on base; Renton 5 - Kennewick 1 |
| TOP OF THE 9TH |
|
Renton Wrecks batting - Pitching for Kennewick Bear Cubs : RHP Calvin Schiraldi
|
|
Batting: RHB Luis Gomez
|
0-0: Called Strike 0-1: Ball 1-1: Ball 2-1: Ground out 4-3 (Groundball, 4M, EV 81.9 MPH)
|
|
Batting: RHB Stan Holmes
|
0-0: Ball 1-0: Foul Ball, location: 2F 1-1: Swinging Strike 1-2: Foul Ball, location: 2F 1-2: Foul Ball, location: 2F 1-2: Ball 2-2: Ball 3-2: Base on Balls
|
|
Batting: RHB Andrew Pratt
|
0-0: Ball 1-0: Ball 2-0: 2-RUN HOME RUN (Flyball, 89XD, EV 95.6 MPH), Distance : 410 ft
|
|
Batting: LHB Troy Thomas
|
0-0: DOUBLE (Line Drive, 89D, EV 112.5 MPH) - OUT at third base trying to stretch hit.
|
|
Batting: RHB Frank Garcia
|
0-0: SOLO HOME RUN (Line Drive, 7D, EV 96.9 MPH), Distance : 362 ft
|
|
Batting: RHB Jose Leiva
|
0-0: Called Strike 0-1: Ground out 6-3 (Groundball, 6M, EV 82.5 MPH)
|
| Top of the 9th over - 3 runs, 3 hits, 0 errors, 0 left on base; Renton 8 - Kennewick 1 |
| BOTTOM OF THE 9TH |
|
Kennewick Bear Cubs batting - Pitching for Renton Wrecks : RHP Gary Frank
|
|
Batting: RHB Ruben Machado
|
0-0: Ground out 4-3 (Groundball, 4, EV 83.1 MPH)
|
|
Batting: LHB Tony Diaz
|
0-0: Ball 1-0: Ball 2-0: Ball 3-0: Foul Ball, location: 2F 3-1: Base on Balls
|
|
Pinch Hitting: LHB Shane Fairbanks
|
0-0: Fielders Choice at 2nd, 1-6 (Groundball, P, EV 71.3 MPH)
|
|
Batting: LHB John Mizerock
|
0-0: Swinging Strike 0-1: Ball 1-1: Swinging Strike 1-2: Strikes out swinging
|
| Bottom of the 9th over - 0 runs, 0 hits, 0 errors, 1 left on base; Renton 8 - Kennewick 1 |
|